 Dungeon Crawl Stone Soup version 0.21-a0-274-gc1afaeb (webtiles) character file.

216 Lavandula the Chopper (level 5, -1/41 HPs)
             Began as a Ghoul Warper on Sept 18, 2017.
             Was a Follower of Uskayaw.
             Slain by a hound (5 damage)
             ... on level 5 of the Dungeon.
             The game lasted 00:06:15 (1729 turns).

Lavandula the Chopper (Ghoul Warper)                Turns: 1729, Time: 00:06:15

Health: -1/41      AC:  3    Str: 15 (16) XL:     5   Next: 93%
Magic:  4/6        EV: 11    Int: 11 (13) God:    Uskayaw [*.....]
Gold:   147        SH:  0    Dex: 11 (13) Spells: 3/7 levels left

rFire    . . .     SeeInvis .   a - +1 hand axe
rCold    + . .     Gourm    .   (no shield)
rNeg     + + +     Faith    +   b - +0 leather armour
rPois    ∞         Spirit   .   (no helmet)
rElec    .         Reflect  .   (no cloak)
rCorr    .         Harm     .   (no gloves)
MR       .....     Rnd*Tele +   (no boots)
Stlth    +.........             t - amulet of faith
HPRegen  0.00/turn              g - +5 ring of dexterity
MPRegen  0.10/turn              d - ring of teleportation (curse)

@: brilliant, rotting, hasted, very quick
A: rotting body, claws 1, carnivore 3, cold resistance 1, negative energy
resistance 3, inhibited regeneration, torment resistance, unbreathing
a: Stomp, Renounce Religion


You were on level 5 of the Dungeon.
You worshipped Uskayaw.
Uskayaw was noncommittal.
You were not hungry.

You visited 2 branches of the dungeon, and saw 6 of its levels.

You collected 147 gold pieces.

Inventory:

Hand Weapons
 a - a +1 hand axe (weapon)
Armour
 b - a +0 leather armour (worn)
 k - a +0 ring mail
Jewellery
 d - a cursed ring of teleportation (right claw)
 g - a +5 ring of dexterity (left claw)
 t - an amulet of faith (around neck)
Scrolls
 h - a scroll of noise
 i - 2 scrolls of amnesia
 j - a scroll of fear {unknown}
 m - a scroll of enchant armour {unknown}
 q - a scroll of teleportation {unknown}
Books
 c - a book of Spatial Translocations

   Spells                             Type                      Level
   a - Blink                          Translocation                2
   b - Shroud of Golubria             Charms/Translocation         2
   c - Lesser Beckoning               Translocation                3
   d - Gell's Gravitas                Translocation                3
   e - Teleport Other                 Translocation                3
   f - Passage of Golubria            Translocation                4
Comestibles
 f - 3 meat rations
 r - a royal jelly


   Skills:
 - Level 2.1 Fighting
 + Level 5.4 Axes
 - Level 0.8 Throwing
 - Level 0.8 Armour
 - Level 1.7 Dodging
 - Level 1.8 Spellcasting
 - Level 2.6 Translocations


You had 3 spell levels left.
You knew the following spells:

 Your Spells              Type           Power        Failure   Level  Hunger
a - Blink                 Tloc           N/A          2%          2    ###....
b - Shroud of Golubria    Chrm/Tloc      ##........   4%          2    ###....


Dungeon Overview and Level Annotations

Branches:
Dungeon (5/15)             Temple (1/1) D:5

Altars:
Ashenzari
Cheibriados
Dithmenos
Hepliaklqana
Qazlal
Ru
Sif Muna
Trog
Uskayaw
Vehumet
Wu Jian
Yredelemnul
Zin

Annotations:
D:4 Purgy


Innate Abilities, Weirdness & Mutations

Your body is rotting away.
You thrive on raw meat.
You are immune to poison.
You have sharp fingernails.
You are carnivorous and can eat meat at any time.
Your flesh is cold resistant. (rC+)
You are immune to negative energy. (rN+++)
You do not regenerate when monsters are visible.
You are immune to unholy pain and torment.
You can survive without breathing.


Message History

The hound bites you.
* * * LOW HITPOINT WARNING * * *
Okay, then.
Okay, then.
It was a potion of degeneration.
There was something very wrong with that liquid.
You feel weakened.
You feel dopey.
You feel clumsy. The hound bites you but does no damage.
It was a potion of haste.
You feel yourself speed up. The hound barely misses you.
The hound closely misses you.
It was a potion of brilliance.
You feel clever all of a sudden. The hound bites you.
* * * LOW HITPOINT WARNING * * *
Unknown command.
Found 26 stones.
You can no longer pass through a line of other dancers.
There is a stone staircase leading up here.
The hound bites you.
You die...

#. #.....#...# ####.#..
#. #.....#...# #.#..
#.#########.....#...#
#.#..
#........##.....#...#
#.#..
#..#.....##.........
########....
#..#.....##.....#.#
#......#....
...#.......a......#
#......#....
...#.....##.####h.#
#....(.#.###
...########.# #@.#
#......#.### ....
#.#####.####..........#
.>..
.......................
...#
.....#..####..........#
#... #.##. #..#
#........... (.... #..#
#......##### .. #..#
#.###### . #..# ...#
#..#(####


You could see a hound.

Vanquished Creatures
  An ogre (D:4)
  A crimson imp (D:5)
  A howler monkey skeleton (D:4)
  4 adders
  A leopard gecko (D:1)
  3 orcs
  5 giant cockroaches
  5 goblins
  4 hobgoblins
  3 jackals (D:3)
  3 quokkas
  3 ball pythons
  A bat (D:1)
  3 frilled lizards
  5 kobolds
  7 rats
50 creatures vanquished.

Notes
Turn   | Place    | Note
-------+----------+-------------------------------------------
     0 | D:1      | Lavandula the Ghoul Warper began the quest for the Orb.
     0 | D:1      | Reached XP level 1. HP: 17/17 MP: 2/2
    49 | D:1      | Reached skill level 2 in Axes
   146 | D:1      | Reached XP level 2. HP: 11/24 MP: 3/3
   313 | D:2      | HP: 1/24 [adder (4)]
   316 | D:2      | Reached skill level 3 in Axes
   316 | D:2      | Reached XP level 3. HP: 2/29 MP: 4/4
   657 | D:2      | Learned a level 2 spell: Blink
   660 | D:2      | Learned a level 2 spell: Shroud of Golubria
   812 | D:3      | Reached XP level 4. HP: 23/36 MP: 1/5
   983 | D:4      | Noticed an ogre
  1000 | D:4      | Killed an ogre
  1000 | D:4      | Reached skill level 4 in Axes
  1000 | D:4      | Reached XP level 5. HP: 22/41 MP: 3/6
  1252 | D:4      | Reached skill level 5 in Axes
  1431 | D:4      | Noticed Purgy
  1451 | D:5      | Entered Level 5 of the Dungeon
  1505 | D:5      | Found a staircase to the Ecumenical Temple.
  1521 | Temple   | Entered the Ecumenical Temple
  1661 | Temple   | Became a worshipper of Uskayaw the Reveler
  1677 | D:5      | Noticed an ogre
  1682 | D:5      | Reached * piety under Uskayaw
  1684 | D:5      | Reached ** piety under Uskayaw
  1692 | D:5      | Reached *** piety under Uskayaw
  1693 | D:5      | Reached **** piety under Uskayaw
  1729 | D:5      | Slain by a hound

Vault maps used:
D:1:      grunt_arrival_lava_bath
D:2:      first_bread, grunt_ministairs_3, st_stairs_4,
          hangedman_abyss_or_decor_stabs
D:3:      cheibrodos_helix_gallery, uniq_crazy_yiuf_cottage, uniq_jessica
D:4:      cheibrodos_old_hovel, uniq_purgy
D:5:      grunt_temple_overflow_opulence, minmay_temple_entry_junction_2
Temple:   hc_temple_tempest_star

Skill      XL: |  1  2  3  4  5 |
---------------+----------------+-----
Axes           | 2 3 4 5 |  5.4
Fighting       | |  2.1
Throwing       | |  0.8
Armour         | |  0.8
Dodging        | |  1.7
Spellcasting   | |  1.8
Translocations | |  2.6

Action                   |  1- 3 |  4- 6 || total
-------------------------+-------+-------++-------
Melee: Hand axe          |   124 |   110 ||   234
Throw: Tomahawk          |     4 |     1 ||     5
 Cast: Shroud of Golubri |     2 |     4 ||     6
       Blink             |     1 |     2 ||     3
  Use: Scroll            |     1 |     4 ||     5
       Potion            |       |     3 ||     3
 Stab: Paralysed         |       |     1 ||     1
  Eat: Chunk             |    19 |    14 ||    33
Armor: Leather armour    |    32 |    17 ||    49
Dodge: Dodged            |    83 |    78 ||   161

Table legend:
 A = Spawn XP
 B = Non-spawn XP
 C = Spawn XP percentage of total XP
 D = Spawn monster count
 E = Non-spawn monster count
 F = Spawn count percentage of total count
 G = Total turns spent on level
                    A         B        C        D         E        F      G
               +---------+---------+-------+---------+---------+-------+---------
         Total |       0 |     309 |   0.0 |       0 |      50 |   0.0 |  1729
               +---------+---------+-------+---------+---------+-------+---------
           D:1 |       0 |      15 |   0.0 |       0 |      10 |   0.0 |   491
           D:2 |       0 |      26 |   0.0 |       0 |      10 |   0.0 |   172
           D:3 |       0 |      56 |   0.0 |       0 |      18 |   0.0 |   285
           D:4 |       0 |     155 |   0.0 |       0 |       8 |   0.0 |   503
           D:5 |       0 |      57 |   0.0 |       0 |       4 |   0.0 |   126
               +---------+---------+-------+---------+---------+-------+---------
